 Dungeon Crawl Stone Soup version 0.23-b1-51-gfe822ef6ca (webtiles) character file.

Game seed: 9385994133520878559

212 LostNumber the Gusty (level 5, -3/28 HPs)
             Began as a Deep Elf Air Elementalist on Feb 4, 2019.
             Hit by a stone thrown by a hobgoblin (4 damage)
             ... on level 3 of the Dungeon.
             The game lasted 00:09:01 (3005 turns).

LostNumber the Gusty (Deep Elf Air Elementalist)    Turns: 3005, Time: 00:09:01

Health: -3/28      AC:  3    Str:  5    XL:     5   Next: 58%
Magic:  4/13       EV: 13    Int: 21    God:
Gold:   157        SH:  0    Dex: 15    Spells: 2/12 levels left

rFire    . . .     SeeInvis +   g - +0 dagger
rCold    . . .     Gourm    .   (no shield)
rNeg     . . .     Faith    .   a - +0 robe
rPois    .         Spirit   .   h - +0 helmet
rElec    .         Reflect  .   (no cloak)
rCorr    .         Harm     .   (no gloves)
MR       .....                  (no boots)
Stlth    ++........             (no amulet)
HPRegen  0.09/turn              m - ring of see invisible
MPRegen  0.13/turn              (no ring)

@: no status effects
A: no striking features
a: no special abilities


You were on level 3 of the Dungeon.
You were not hungry.

You visited 1 branch of the dungeon, and saw 3 of its levels.

You collected 157 gold pieces.

Inventory:

Hand Weapons
 g - a +0 dagger (weapon)
Armour
 a - a +0 robe (worn)
 h - a +0 helmet (worn)
Jewellery
 m - a ring of see invisible (left hand)
Scrolls
 f - a scroll of immolation {unknown}
 i - 2 scrolls of remove curse
 j - a scroll of magic mapping
 l - a scroll of enchant armour {unknown}
 n - a scroll of teleportation {unknown}
Potions
 b - 3 potions of curing
 d - a potion of berserk rage
 e - a potion of might {unknown}
 k - a potion of degeneration {unknown}
Comestibles
 c - 4 rations


   Skills:
 - Level 2.4 Dodging
 - Level 2.4 Stealth
 + Level 4.3 Spellcasting
 * Level 3.9 Conjurations
 * Level 4.6 Air Magic


You had 2 spell levels left.
You knew the following spells:

 Your Spells              Type           Power        Failure   Level  Hunger
a - Shock                 Conj/Air       ###.         1%          1    None
b - Swiftness             Chrm/Air       ##......     7%          2    #......
c - Static Discharge      Conj/Air       ###.....     6%          3    ##.....
d - Airstrike             Air            ###.......   17%         4    ####...

Your spell library contained the following spells:

 Spells                   Type           Power        Failure   Level  Hunger
 Lightning Bolt           Conj/Air       ###.......   50%         5    ######.


Dungeon Overview and Level Annotations

Branches:
Dungeon (3/15)

Altars:


Message History

Aiming: Shock (safe; 1% risk of failure)
Press: ? - help, Shift-Dir - straight line, f/p - gnoll
Aim: a gnoll (severely wounded)
The zap hits the gnoll.
The gnoll is almost dead.
The zap hits the hobgoblin.
The hobgoblin is moderately wounded.
The gnoll hits you!
* * * LOW HITPOINT WARNING * * *
Casting: Shock (safe; 1% risk of failure)
Confirm with . or Enter, or press ? or * to list all spells.
Aiming: Shock (safe; 1% risk of failure)
Press: ? - help, Shift-Dir - straight line, f/p - gnoll
Aim: a gnoll (almost dead)
The zap hits the gnoll.
You kill the gnoll!
The zap hits the hobgoblin.
The hobgoblin is heavily wounded.
The hobgoblin throws a stone.
The stone hits you.
You die...

.......#########'#####
# .......'.......#.# #
.......#######.#.# #
.......# #.#(# #
.......#######.#(#
.......##......#g#
.......##.######.#
#########.# #.# #.#
#@# #.# #.# #†# #.#
#.# #.# #.# #.# #.#
#.# #.######.#
#........# #.######.#


You could see a hobgoblin.

Vanquished Creatures
  An orc priest (D:3)
  Robin (D:3)
  2 gnolls (D:3)
  4 adders
  An ooze (D:2)
  3 worms
  2 dart slugs
  2 leopard geckos
  4 orcs (D:3)
  A ball python (D:2)
  5 giant cockroaches
  15 hobgoblins
  9 jackals
  8 kobolds
  5 bats (D:2)
  4 frilled lizards
  18 goblins
  4 rats
89 creatures vanquished.

Notes
Turn   | Place    | Note
-------+----------+-------------------------------------------
     0 | D:1      | LostNumber the Deep Elf Air Elementalist began the quest
                  | for the Orb.
     0 | D:1      | Reached XP level 1. HP: 10/10 MP: 6/6
   121 | D:1      | Reached XP level 2. HP: 8/15 MP: 0/8
   308 | D:1      | Learned a level 2 spell: Swiftness
  1119 | D:2      | Reached XP level 3. HP: 19/19 MP: 7/9
  1468 | D:2      | Learned a level 3 spell: Static Discharge
  1514 | D:2      | Reached XP level 4. HP: 16/24 MP: 0/11
  2183 | D:3      | Reached XP level 5. HP: 28/28 MP: 11/13
  2189 | D:3      | Learned a level 4 spell: Airstrike
  2209 | D:3      | Noticed Robin
  2215 | D:3      | Killed Robin
  3004 | D:3      | HP: 1/28 [gnoll (9)]
  3005 | D:3      | Hit by a stone thrown by a hobgoblin

Skill      XL: |  1  2  3  4 |
---------------+-------------+-----
Conjurations   | 2 3 |  3.9
Air Magic      | 4 |  4.6
Spellcasting   | 4 |  4.3
Dodging        | |  2.4
Stealth        | |  2.4

Action                   |  1- 3 |  4- 6 || total
-------------------------+-------+-------++-------
Melee: Unarmed           |     4 |       ||     4
       Dagger            |       |    13 ||    13
 Cast: Shock             |    70 |   100 ||   170
       Static Discharge  |     1 |     1 ||     2
       Swiftness         |       |     1 ||     1
       Airstrike         |       |     1 ||     1
  Use: Scroll            |       |     4 ||     4
  Eat: Chunk             |     1 |     5 ||     6
Armor: Robe              |     3 |     4 ||     7
Dodge: Dodged            |    19 |    24 ||    43
